[Event "ETCC Women 2013"]
[Site "Warsaw"]
[Date "2013.11.11"]
[Round "4"]
[White "Matnadze, Ana"]
[Black "Bartel, Marta"]
[Result "1/2-1/2"]
[ECO "A10"]
[WhiteElo "2373"]
[BlackElo "2308"]
[PlyCount "107"]
[EventDate "2013.??.??"]
[EventCountry "POL"]
[WhiteTeam "Spanien"]
[BlackTeam "Polen"]
[WhiteTeamCountry "ESP"]
[BlackTeamCountry "POL"]
[TimeControl "40/5400+30:1800+30"]

1. c4 f5 2. g3 Nf6 3. Bg2 g6 4. d4 Bg7 5. Nc3 O-O 6. e4 fxe4 7. Nxe4 Nxe4 8.
Bxe4 c6 9. Ne2 d5 10. cxd5 cxd5 11. Bg2 Nc6 12. O-O Bg4 13. f3 Bf5 14. g4 Be6
15. Be3 Qb6 16. Qd2 Rac8 17. Rac1 Qa5 18. Qxa5 Nxa5 19. b3 Bd7 20. Rfd1 e6 21.
f4 Nc6 22. h4 Nb4 23. Nc3 Rc7 24. Bf2 Rfc8 25. Be1 Bb5 26. Bf1 Bxf1 27. Kxf1
Bh6 28. a3 Nc6 29. Ne2 Bf8 30. b4 Bd6 31. Rc3 Nb8 32. Re3 Kf7 33. Nc3 a6 34. f5
gxf5 35. gxf5 exf5 36. Rf3 Ke6 37. Rd2 f4 38. Re2+ Kf5 39. Nxd5 Rc1 40. Ne7+
Bxe7 41. Rxe7 R8c7 42. Rxc7 Rxc7 43. Bd2 Ke4 44. Rxf4+ Kd3 45. Be1 Rd7 46. Bf2
Kc4 47. Kg2 Nc6 48. Kg3 Kb3 49. Rf3+ Ka4 50. Rd3 Ne5 51. Rc3 Nc6 52. Rd3 Ne5
53. Rc3 Nc6 54. Rd3 1/2-1/2

[Event "ETCC Women 2013"]
[Site "Warsaw"]
[Date "2013.11.11"]
[Round "4"]
[White "Michna, Marta"]
[Black "Batkovskyte, Dominyka"]
[Result "1-0"]
[ECO "A04"]
[WhiteElo "2357"]
[BlackElo "2111"]
[PlyCount "169"]
[EventDate "2013.??.??"]
[EventCountry "POL"]
[WhiteTeam "Deutschland"]
[BlackTeam "Litauen"]
[WhiteTeamCountry "GER"]
[BlackTeamCountry "LTU"]
[TimeControl "40/5400+30:1800+30"]

1. Nf3 g6 2. e4 c5 3. d3 Bg7 4. c3 Nc6 5. Be3 d6 6. Be2 e5 7. O-O Nge7 8.
Qd2 h6 9. d4 exd4 10. cxd4 cxd4 11. Nxd4 d5 12. Nxc6 bxc6 13.
Bd4 O-O 14. Bxg7 Kxg7 15. Rd1 Qb6 16. Nc3 Rb8 17. b3 Be6 18.
Na4 Qb4 19. Qxb4 Rxb4 20. Nc5 Rd8 21. Rac1 Rbb8 22. Rd4 Kf6 23. Ra4 Ra8 24. h3 dxe4 25. Nxe6 fxe6 26. Rxe4 Rd2 27. Bg4 e5 28. Rce1 Rd5 29. f4 Nf5 30. fxe5+ Ke6 31. Rc4 Rc8 32. Rec1 Kxe5 33. Rxc6 Rxc6 34. Rxc6 Rd6 35. Rc5+ Kf4 36.
Bxf5 gxf5 37. Kh2 a6 38. Ra5 Rc6 39. a3 Rd6 40. b4 Rc6 41. a4 Rd6 42. b5 axb5 43. axb5 Rd4 44. Ra6 h5 45. Rb6 Rb4 46. Rb8 h4 47. b6 Rb2 48.
b7 Rb1 49. Rh8 Rxb7 50. Rxh4+ Kg5 51. Rh8 Rb3 52. Rg8+ Kh5 53.
Kg1 Rb2 54. g3 f4 55. gxf4 Ra2 56. Rg4 Rb2 57. Rg2 Rb4 58. Rf2 Kg6 59. Kg2 Kf5 60. Kg3 Rb3+ 61. Rf3 Rb4 62. Ra3 Rb5 63. h4 Rc5 64. h5 Rb5 65. Rc3 Ra5 66. Re3 Rb5 67. Ra3 Rc5 68. Ra8 Rc3+ 69. Kh4 Kf6 70. Kg4 Rc1 71. Ra6+ Kf7 72. h6 Rc5 73. h7 Kg7 74. Rh6 Kh8 75.
f5 Rc1 76. Kg5 Rg1+ 77. Kf6 Ra1 78. Rh2 Ra6+ 79. Kg5 Rb6 80. Rh1 Ra6 81. Re1 Kxh7 82. Re6 Rxe6 83. fxe6 Kg7 84. Kf5 Kg8 85. Ke4 1-0

[Event "ETCC Women 2013"]
[Site "Warsaw"]
[Date "2013.11.11"]
[Round "4"]
[White "Milliet, Sophie"]
[Black "L'Ami, Alina"]
[Result "1/2-1/2"]
[ECO "C18"]
[WhiteElo "2383"]
[BlackElo "2361"]
[PlyCount "64"]
[EventDate "2013.??.??"]
[EventCountry "POL"]
[WhiteTeam "Frankreich"]
[BlackTeam "Rumänien"]
[WhiteTeamCountry "FRA"]
[BlackTeamCountry "ROU"]
[TimeControl "40/5400+30:1800+30"]

1. e4 e6 2. d4 d5 3. Nc3 Bb4 4. e5 c5 5. a3 Bxc3+ 6. bxc3 Ne7 7. Qg4 Qc7 8.
Qxg7 Rg8 9. Qxh7 cxd4 10. Ne2 Nbc6 11. f4 dxc3 12. h4 d4 13.
h5 b6 14. Qd3 Bb7 15. Nxd4 Nxd4 16. Qxd4 Rd8 17. Qa4+ Kf8 18. h6 Bxg2 19. Bxg2 Rxg2 20. Qe4 Qc6 21. Qxc6 Nxc6 22. Be3 Kg8 23. Kf1 Rg6 24. Ke2 Kh7 25. Rad1 Rg2+ 26. Kf3 Rdg8 27. Rd7 R8g3+ 28. Ke4 Re2 29. Rxf7+ Kh8 30. Rf8+ Kh7 31. Rf7+ Kh8 32. Rf8+ Kh7 1/2-1/2

[Event "ETCC Women 2013"]
[Site "Warsaw"]
[Date "2013.11.11"]
[Round "4"]
[White "Mkrtchian, Lilit"]
[Black "Majdan-Gajewska, Joanna"]
[Result "1-0"]
[ECO "A06"]
[WhiteElo "2447"]
[BlackElo "2420"]
[PlyCount "99"]
[EventDate "2013.??.??"]
[EventCountry "POL"]
[WhiteTeam "Armenien"]
[BlackTeam "Polen"]
[WhiteTeamCountry "ARM"]
[BlackTeamCountry "POL"]
[TimeControl "40/5400+30:1800+30"]

1. Nf3 d5 2. c4 c6 3. e3 Nf6 4. d4 g6 5. Nc3 Bg7 6. Be2 O-O 7. O-O a6 8. a4 a5 9. Qb3 e6 10. Rd1 b6 11. Bd2 Ba6 12. Be1 Re8 13. Rac1 Nbd7 14. cxd5 exd5 15. Bxa6 Rxa6 16. Ne2 Qa8 17. Nf4 Ne4 18. Qc2 Nb8 19. Nd3 Ra7 20.
Qb3 Qb7 21. h3 f6 22. Nf4 Bf8 23. Rc2 Kg7 24. Rdc1 Bd6 25. Nd2 Bxf4 26. exf4 Nd6 27. Nf3 Qa6 28. Rxc6 Nc4 29. R6xc4 dxc4 30. Rxc4 Rae7 31. Rc1 Nd7 32. Bd2 Qa8 33. d5 Qb8 34. Rc6 Nc5 35. Qxb6 Qxb6 36. Rxb6 Rd7 37. b3 Rxd5 38. Rb5 Red8 39. Bxa5 Rd1+ 40. Kh2 Rc8 41. Nd2 Ne6 42. Rb7+ Kh6 43. Ne4 Nxf4 44. Nxf6 Rcc1 45. Ng4+ Kh5 46. Rxh7+ Kg5 47. Re7 Kh5 48. Nf6+ Kg5 49. Ne4+ Kf5 50. g4# 1-0

[Event "ETCC Women 2013"]
[Site "Warsaw"]
[Date "2013.11.11"]
[Round "4"]
[White "Moser, Eva"]
[Black "Stefanova, Antoaneta"]
[Result "1-0"]
[ECO "A06"]
[WhiteElo "2434"]
[BlackElo "2494"]
[PlyCount "67"]
[EventDate "2013.??.??"]
[EventCountry "POL"]
[WhiteTeam "Österreich"]
[BlackTeam "Bulgarien"]
[WhiteTeamCountry "AUT"]
[BlackTeamCountry "BUL"]
[TimeControl "40/5400+30:1800+30"]

1. Nf3 d5 2. g3 c6 3. Bg2 Bf5 4. O-O e6 5. d3 h6 6. Nfd2 Bc5 7. e4 Bg6 8. Kh1 h5 9. f4 Nf6 10. Nb3 Bb6 11. f5 exf5 12. exf5 Bh7 13. Bg5 Nbd7 14. Re1+ Kf8 15. Qf3 Qc8 16. Nc3 Ng4 17. Be7+ Kg8 18. d4 Ndf6 19. Rf1 Qd7 20.
Bxf6 Nxf6 21. Na4 Re8 22. Nac5 Qc8 23. Bh3 Bxc5 24. Nxc5 b6 25. Nd3 Re4 26. c3 Ng4 27. Rae1 Qe8 28. Bxg4 hxg4 29. Qxg4 f6 30. Rxe4 dxe4 31. Nf4 e3 32. Ne6 g5 33. fxg6 Qxg6 34. Rxf6 1-0

[Event "ETCC Women 2013"]
[Site "Warsaw"]
[Date "2013.11.11"]
[Round "4"]
[White "Muzychuk, Mariya"]
[Black "Vasiliev, Olga"]
[Result "1/2-1/2"]
[ECO "B24"]
[WhiteElo "2491"]
[BlackElo "2282"]
[PlyCount "102"]
[EventDate "2013.??.??"]
[EventCountry "POL"]
[WhiteTeam "Ukraine"]
[BlackTeam "Israel"]
[WhiteTeamCountry "UKR"]
[BlackTeamCountry "ISR"]
[TimeControl "40/5400+30:1800+30"]

1. e4 c5 2. Nc3 Nc6 3. Nf3 e5 4. Bc4 d6 5. d3 Be7 6. Nd2 Nf6 7. Nf1 Be6 8.
Ne3 O-O 9. O-O Nd4 10. a4 Rb8 11. Ncd5 Nxd5 12. Nxd5 Bg5 13. Be3 a6 14. a5 Nc6 15. Qd2 Bxe3 16. fxe3 Ne7 17. b4 Bxd5 18. exd5 Qc7 19. Bb3 f5 20.
bxc5 Qxc5 21. d4 exd4 22. exd4 Qc7 23. Rae1 Rf6 24. Re6 Rbf8 25. c4 Rxe6 26. dxe6 Rf6 27. d5 b6 28. Qf2 bxa5 29. c5 Rf8 30.
c6 Rb8 31. Bc4 g6 32. Bxa6 Nxd5 33. Bb7 Ne7 34. Qf3 d5 35. Qg3 Qxg3 36. hxg3 Kg7 37. Ra1 Kf6 38. Rxa5 Kxe6 39. Rc5 Kd6 40. Rc1 Kc7 41. Kf2 Rd8 42. Ke3 Rd6 43. Kd4 Re6 44. Ba8 Rd6 45. Kc5 h5 46. Rb1 Re6 47.
Rb7+ Kd8 48. Rb8+ Kc7 49. Rb7+ Kd8 50. Rb8+ Kc7 51. Rb7+ Kd8 1/2-1/2

[Event "ETCC Women 2013"]
[Site "Warsaw"]
[Date "2013.11.11"]
[Round "4"]
[White "Papp, Petra"]
[Black "Makropoulou, Marina"]
[Result "1-0"]
[ECO "C87"]
[WhiteElo "2300"]
[BlackElo "2234"]
[PlyCount "101"]
[EventDate "2013.??.??"]
[EventCountry "POL"]
[WhiteTeam "Ungarn"]
[BlackTeam "Griechenland"]
[WhiteTeamCountry "HUN"]
[BlackTeamCountry "GRE"]
[TimeControl "40/5400+30:1800+30"]

1. e4 e5 2. Nf3 Nc6 3. Bb5 a6 4. Ba4 Nf6 5. O-O Be7 6. Re1 d6 7. Bxc6+ bxc6 8. d4 exd4 9. Nxd4 Bd7 10. Nc3 O-O 11. h3 Rb8 12. Qd3 c5 13.
Nf3 Bb5 14. Qd2 Re8 15. b3 Nd7 16. Nd5 Bf6 17. Rb1 Bc6 18. c4 Ne5 19. Nxe5 Bxe5 20. Bb2 Bxd5 21. exd5 Bxb2 22. Rxb2 Qd7 23. Rbb1 h6 24. Qa5 Kh7 25. Rxe8 Rxe8 26. Qxa6 Re2 27. Rf1 f5 28. Qa5 Qe7 29. a4 Qe5 30. Qxc7 f4 31. Qf7 Rb2 32. Qe6 Qg5 33. Qxd6 Rxb3 34. Qe6 f3 35. Qe4+ Qg6 36. Qxg6+ Kxg6 37. Ra1 Kf6 38. a5 Rb7 39. a6 Ra7 40.
gxf3 Ke7 41. Kf1 Kd8 42. Ke2 Kc8 43. Kd3 Kb8 44. Ra5 Rf7 45. a7+ Ka8 46. Ke4 Re7+ 47. Kf5 Rf7+ 48. Ke6 Rf6+ 49. Ke7 Rxf3 50. d6 Rxf2 51. d7 1-0

[Event "ETCC Women 2013"]
[Site "Warsaw"]
[Date "2013.11.11"]
[Round "4"]
[White "Pavlidou, Ekaterini"]
[Black "Gara, Ticia"]
[Result "1-0"]
[ECO "D70"]
[WhiteElo "2199"]
[BlackElo "2350"]
[PlyCount "89"]
[EventDate "2013.??.??"]
[EventCountry "POL"]
[WhiteTeam "Griechenland"]
[BlackTeam "Ungarn"]
[WhiteTeamCountry "GRE"]
[BlackTeamCountry "HUN"]
[TimeControl "40/5400+30:1800+30"]

1. d4 Nf6 2. c4 g6 3. Nf3 Bg7 4. e3 c5 5. d5 d6 6. Nc3 e6 7. Be2 exd5 8. cxd5 O-O 9. h3 Na6 10. O-O Nc7 11. Re1 Re8 12. Bc4 Rb8 13. a4 a6 14. a5 b5 15.
axb6 Rxb6 16. e4 Nd7 17. Bg5 Bf6 18. Bxf6 Qxf6 19. Na4 Rb4 20. b3 Ne5 21. Nxe5 Qxe5 22. Qd2 Nb5 23. Nb2 Qc3 24. Qxc3 Nxc3 25. Re3 Nb5 26. Nd3 Rxc4 27. bxc4 Nd4 28. Ra2 f6 29. Re1 Kf7 30. f3 Ke7 31. h4 Kd7 32.
Kf2 Kc7 33. g4 h6 34. Kg3 Kb6 35. Nf4 g5 36. hxg5 fxg5 37. Ne2 Rf8 38. Rb1+ Kc7 39. Nxd4 cxd4 40. Rd2 Bd7 41. Rxd4 a5 42. Rd2 Ra8 43. Rh2 a4 44. Rxh6 a3 45. Ra1 1-0

[Event "ETCC Women 2013"]
[Site "Warsaw"]
[Date "2013.11.11"]
[Round "4"]
[White "Purgar, Ivona"]
[Black "Umudova, Nargiz"]
[Result "1/2-1/2"]
[ECO "B17"]
[WhiteElo "2136"]
[BlackElo "2253"]
[PlyCount "86"]
[EventDate "2013.??.??"]
[EventCountry "POL"]
[WhiteTeam "Kroatien"]
[BlackTeam "Aserbeidschan"]
[WhiteTeamCountry "CRO"]
[BlackTeamCountry "AZE"]
[TimeControl "40/5400+30:1800+30"]

1. e4 c6 2. d4 d5 3. Nc3 dxe4 4. Nxe4 Nd7 5. Bd3 Ngf6 6. c3 g6 7. Nxf6+ Nxf6 8. h3 Bg7 9. Nf3 O-O 10. O-O Bf5 11. Ne5 Bxd3 12. Nxd3 Qd5 13. Re1 Rfe8 14. Bf4 Qf5 15. Qd2 Rad8 16. Re5 Qd7 17. Bh6 Bh8 18. Rae1 b6 19. Qe2 e6 20. Re3 Nd5 21. Re4 Nc7 22. Ne5 Bxe5 23.
dxe5 Qd3 24. Qg4 Rd7 25. Qh4 Rc8 26. Bg5 h5 27. g4 Qc2 28. R4e2 Qa4 29. b4 Rd1 30. gxh5 Rxe1+ 31. Rxe1 Qc2 32. h6 Kh7 33. Qf4 Qf5 34. Qxf5 gxf5 35. Rd1 Nd5 36. Rd3 b5 37. Rg3 Rg8 38. h4 a6 39. Kf1 Ra8 40. Ke2 a5 41. a3 axb4 42. cxb4 Ra7 43. Rd3 Rc7 1/2-1/2

[Event "ETCC Women 2013"]
[Site "Warsaw"]
[Date "2013.11.11"]
[Round "4"]
[White "Raeva, Elitsa"]
[Black "Kopinits, Anna-Christina"]
[Result "1-0"]
[ECO "E12"]
[WhiteElo "2361"]
[BlackElo "2263"]
[PlyCount "69"]
[EventDate "2013.??.??"]
[EventCountry "POL"]
[WhiteTeam "Bulgarien"]
[BlackTeam "Österreich"]
[WhiteTeamCountry "BUL"]
[BlackTeamCountry "AUT"]
[TimeControl "40/5400+30:1800+30"]

1. d4 Nf6 2. c4 e6 3. Nf3 b6 4. a3 Ba6 5. Qc2 Bb7 6. Nc3 c5 7. e4 cxd4 8.
Nxd4 Nc6 9. Nxc6 Bxc6 10. Bg5 h6 11. Bh4 Qb8 12. Rd1 Nxe4 13.
Nxe4 Qe5 14. f3 f5 15. Bg3 Bxe4 16. fxe4 f4 17. Bf2 Be7 18. Be2 Rc8 19. O-O Rc7 20. b4 h5 21. Bd4 Qg5 22. e5 Qh6 23. Qe4 g5 24. c5 bxc5 25.
Bxc5 Bxc5+ 26. bxc5 Qg7 27. Rd6 O-O 28. c6 Rxc6 29. Rxc6 dxc6 30. Bc4 Kh8 31. Bxe6 c5 32. Rd1 g4 33. Rd7 Qh6 34. Bf5 Kg8 35.
Qd5+ 1-0

[Event "ETCC Women 2013"]
[Site "Warsaw"]
[Date "2013.11.11"]
[Round "4"]
[White "Rajlich, Iweta"]
[Black "Galojan, Lilit"]
[Result "1-0"]
[ECO "E46"]
[WhiteElo "2404"]
[BlackElo "2301"]
[PlyCount "131"]
[EventDate "2013.??.??"]
[EventCountry "POL"]
[WhiteTeam "Polen"]
[BlackTeam "Armenien"]
[WhiteTeamCountry "POL"]
[BlackTeamCountry "ARM"]
[TimeControl "40/5400+30:1800+30"]

1. d4 Nf6 2. c4 e6 3. Nc3 Bb4 4. e3 O-O 5. Nge2 Re8 6. a3 Bf8 7. Nf4 d6 8. Be2 e5 9. Nfd5 Nbd7 10. O-O c6 11. Nxf6+ Nxf6 12. d5 e4 13. b4 Bf5 14. dxc6 bxc6 15. Bb2 Nd7 16. f4 Nb6 17. Rc1 Rb8 18. Ba1 Qc7 19. g4 Bc8 20. f5 Nd7 21. Rf4 a5 22. b5 Nc5 23. Rb1 Bb7 24. Na4 Nxa4 25.
Qxa4 Qb6 26. Bd4 c5 27. Bc3 d5 28. cxd5 Qh6 29. Be1 Bd6 30. Bg3 Ra8 31. b6 Bxd5 32. f6 Bxf4 33. Bxf4 Qxf6 34. b7 Bxb7 35. Rxb7 g5 36. Bg3 Re7 37. Rb1 Qc3 38. Qb3 Qxb3 39. Rxb3 Rd7 40. Be1 a4 41. Rc3 Rc7 42. Bg3 Rcc8 43. Rc4 h6 44. Kf2 Rd8 45. Ke1 Ra7 46. Rxc5 Rb7 47. Bb5 f6 48. Ke2 Kg7 49. Be1 Rdb8 50. Bxa4 Ra8 51. Rc4 Rb2+ 52. Bd2 Ra7 53. Bc2 Rxa3 54. Bc1 Rxc2+ 55. Rxc2 Ra4 56. Bb2 Ra6 57. Rc4 Re6 58. Rb4 h5 59. h3 Rc6 60. Kd2 hxg4 61. hxg4 Rd6+ 62. Bd4 Ra6 63. Rb6 Rxb6 64. Bxb6 f5 65. gxf5 Kf6 66. Kc3 1-0

[Event "ETCC Women 2013"]
[Site "Warsaw"]
[Date "2013.11.11"]
[Round "4"]
[White "Schleining, Zoya"]
[Black "Daulyte, Deimante"]
[Result "0-1"]
[ECO "A22"]
[WhiteElo "2379"]
[BlackElo "2336"]
[PlyCount "66"]
[EventDate "2013.??.??"]
[EventCountry "POL"]
[WhiteTeam "Deutschland"]
[BlackTeam "Litauen"]
[WhiteTeamCountry "GER"]
[BlackTeamCountry "LTU"]
[TimeControl "40/5400+30:1800+30"]

1. c4 e5 2. Nc3 Nf6 3. g3 c6 4. d4 exd4 5. Qxd4 d5 6. Bg5 Be7 7. cxd5 cxd5 8. Rd1 Be6 9. Bg2 Nc6 10. Qa4 O-O 11. Nf3 a6 12. O-O h6 13.
Bxf6 Bxf6 14. Nxd5 Bxd5 15. e4 b5 16. Qa3 Bc4 17. Rxd8 Rfxd8 18. Re1 Be7 19. Qe3 Nb4 20. b3 Nc2
21. Qc1 Nxe1 22. Qxe1 Be6 23. h3 a5 24. e5 Bb4 25. Qe2 Rab8 26.
Kh2 Bc3 27. Qe3 b4 28. Bf1 a4 29. Bc4 Bxc4 30. bxc4 b3 31. axb3 axb3 32. e6 b2 33. exf7+ Kxf7 0-1

[Event "ETCC Women 2013"]
[Site "Warsaw"]
[Date "2013.11.11"]
[Round "4"]
[White "Schut, Lisa"]
[Black "Ziaziulkina, Nastassia"]
[Result "1-0"]
[ECO "B90"]
[WhiteElo "2333"]
[BlackElo "2350"]
[PlyCount "53"]
[EventDate "2013.??.??"]
[EventCountry "POL"]
[WhiteTeam "Niederlande"]
[BlackTeam "Weißrussland"]
[WhiteTeamCountry "NED"]
[BlackTeamCountry "BLR"]
[TimeControl "40/5400+30:1800+30"]

1. e4 c5 2. Nf3 d6 3. d4 cxd4 4. Nxd4 Nf6 5. Nc3 a6 6. h3 e6 7. g4 d5 8.
exd5 Nxd5 9. Nde2 h5 10. Nxd5 exd5 11. gxh5 Nc6 12. Bg2 Rxh5 13.
Be3 Be6 14. Nf4 Rf5 15. Nxe6 fxe6 16. c3 Be7 17. Qe2 Qa5 18. h4 O-O-O 19. Bb6 Qxb6 20. Qxe6+ Kb8 21. Qxf5 Qxb2 22. O-O Qxc3 23.
Rad1 d4 24. Rb1 Kc7 25. Rfc1 Qa3 26. Rxb7+ Kxb7 27. Rxc6 1-0

[Event "ETCC Women 2013"]
[Site "Warsaw"]
[Date "2013.11.11"]
[Round "4"]
[White "Shvayger, Yuliya"]
[Black "Zhukova, Natalia"]
[Result "1/2-1/2"]
[ECO "C03"]
[WhiteElo "2294"]
[BlackElo "2466"]
[PlyCount "75"]
[EventDate "2013.??.??"]
[EventCountry "POL"]
[WhiteTeam "Israel"]
[BlackTeam "Ukraine"]
[WhiteTeamCountry "ISR"]
[BlackTeamCountry "UKR"]
[TimeControl "40/5400+30:1800+30"]

1. e4 e6 2. d4 d5 3. Nd2 a6 4. Ngf3 c5 5. exd5 exd5 6. dxc5 Bxc5 7. Nb3 Bd6 8.
Bd3 Ne7 9. O-O Nbc6 10. c3 Bg4 11. h3 Bh5 12. Be3 h6 13. Be2 O-O 14. Nfd4 Bg6 15. Nxc6 bxc6 16. Bd3 a5 17. Bxg6 Nxg6 18. Nd4 Bc7 19. b3 Re8 20. Re1 Qd6 21. g3 Re4 22. c4 dxc4 23. Nf3 Qxd1 24. Raxd1 cxb3 25. axb3 Rae8 26. Kg2 Rb4 27. Rd7 Bb6 28. Bxb6 Rxe1 29. Bxa5 Ree4 30. Bxb4 Rxb4 31. Rc7 Rxb3 32. Rxc6 Rb7 33. Ra6 Rd7 34. Rb6 Rc7 35. Ra6 Rd7 36. Rb6 Rc7 37. Ra6 Rd7 38. Rb6 1/2-1/2

[Event "ETCC Women 2013"]
[Site "Warsaw"]
[Date "2013.11.11"]
[Round "4"]
[White "Socko, Monika"]
[Black "Danielian, Elina"]
[Result "1/2-1/2"]
[ECO "B10"]
[WhiteElo "2431"]
[BlackElo "2457"]
[PlyCount "134"]
[EventDate "2013.??.??"]
[EventCountry "POL"]
[WhiteTeam "Polen"]
[BlackTeam "Armenien"]
[WhiteTeamCountry "POL"]
[BlackTeamCountry "ARM"]
[TimeControl "40/5400+30:1800+30"]

1. e4 c6 2. c4 d5 3. exd5 cxd5 4. cxd5 Nf6 5. Qa4+ Nbd7 6. Nc3 g6 7. Nf3 Bg7 8. Bc4 O-O 9. d3 a6 10. Qa3 Nb6 11. Qb3 Bf5 12. O-O Qc7 13.
Re1 Rac8 14. Bg5 h6 15. Bh4 Nxc4 16. dxc4 Rfe8 17. Bg3 Qxc4 18.
Qxb7 Nd7 19. Nd2 Qd3 20. Nde4 Bxc3 21. Nxc3 Qc4 22. Qa7 Qb4 23. d6 exd6 24. Qxa6 Qxb2 25. Nd5 Rxe1+ 26. Rxe1 Rc1 27. Rxc1 Qxc1+ 28.
Qf1 Qxf1+ 29. Kxf1 Bd3+ 30. Ke1 Bc4 31. Nb4 d5 32. a4 Nc5 33. a5 f5 34. Bd6 Nb7 35. Bc7 Nc5 36. Kd2 Kf7 37. Bb6 Na6 38. Nc2 Ke6 39. Kc3 f4 40.
Kd4 g5 41. Ne1 Bf1 42. g3 fxg3 43. fxg3 Nb4 44. Nf3 Kf5 45. Ne5 h5 46. Nf7 Kg4 47. Bc7 Bg2 48. Ke3 Kf5 49. Kf2 Bh1 50. Nd6+ Ke6 51. Nb5 Nc2 52. a6 d4 53. a7 d3 54. Ba5 Kd7 55. Bd2 g4 56. Bf4 Bf3 57. h4 Kc8 58. Be3 Nb4 59. Nd4 Bd5 60. Nf5 Kb7 61. Nd6+ Kc7 62. Nb5+ Kb7 63. Bd2 Na6 64. Ke3 Bc6 65. Nd4 Bd5 66. Nb5 Bc6 67. Nd4 Bd5 1/2-1/2

[Event "ETCC Women 2013"]
[Site "Warsaw"]
[Date "2013.11.11"]
[Round "4"]
[White "Wisniowska, Klaudia"]
[Black "Girya, Olga"]
[Result "0-1"]
[ECO "B48"]
[WhiteElo "2153"]
[BlackElo "2447"]
[PlyCount "90"]
[EventDate "2013.??.??"]
[EventCountry "POL"]
[WhiteTeam "Polen"]
[BlackTeam "Russland"]
[WhiteTeamCountry "POL"]
[BlackTeamCountry "RUS"]
[TimeControl "40/5400+30:1800+30"]

1. e4 c5 2. Nf3 e6 3. d4 cxd4 4. Nxd4 Nc6 5. Nc3 Qc7 6. Be3 a6 7. Qd2 Nf6 8. f3 Be7 9. g4 b5 10. g5 Nh5 11. O-O-O Nxd4 12. Qxd4 Bb7 13.
Ne2 Rc8 14. Qd3 d5 15. Bg2 O-O 16. e5 d4 17. Nxd4 Rfd8 18. Kb1 Bc5 19. Qd2 Nf4 20. Bxf4 Rxd4 21. Qc1 Ra4 22. Rd3 Bd5 23. Rxd5 exd5 24. Bd2 Qxe5 25. Bh3 Rd8 26. f4 Qc7 27. Bf5 b4 28. b3 Ra3 29. Qb2 Qb6 30. c3 bxc3 31. Bxc3 d4 32. Bd2 Bb4 33. Rd1 Ra5 34. Qc2 g6 35.
Bd3 Rc5 36. Bc4 Bxd2 37. Rxd2 Rf5 38. Qe4 Qd6 39. Rf2 d3 40. Kc1 Qc5 41. Rd2 Rd4 42. Qa8+ Kg7 43. Qxa6 Rfxf4 44. a3 Rf1+ 45. Kb2 Qe5 0-1

[Event "ETCC Women 2013"]
[Site "Warsaw"]
[Date "2013.11.11"]
[Round "4"]
[White "Tsolakidou, Stavroula"]
[Black "Rudolf, Anna"]
[Result "1-0"]
[ECO "C02"]
[WhiteElo "2117"]
[BlackElo "2281"]
[PlyCount "71"]
[EventDate "2013.??.??"]
[EventCountry "POL"]
[WhiteTeam "Griechenland"]
[BlackTeam "Ungarn"]
[WhiteTeamCountry "GRE"]
[BlackTeamCountry "HUN"]
[TimeControl "40/5400+30:1800+30"]

1. e4 e6 2. d4 d5 3. e5 c5 4. c3 Nc6 5. Nf3 Bd7 6. Be2 Nge7 7. Na3 cxd4 8.
cxd4 Nf5 9. Nc2 Qb6 10. O-O Na5 11. Ne3 Nxe3 12. fxe3 Be7 13. Qe1 O-O 14. Bd2 Nc4 15. Bxc4 dxc4 16. e4 Bc6 17. Bc3 Qa6 18. Kh1 b5 19. d5 exd5 20. Nd4 Bb7 21. Nf5 Qe6 22. Qg3 g6 23. Nd4 Qd7 24. Rxf7 Rxf7 25. e6 Qe8 26. exf7+ Qxf7 27. Nf5 Kf8 28. Rf1 d4 29. Bxd4 Bxe4 30.
Ne3 Bf5 31. Nxf5 gxf5 32. Qe5 Ke8 33. Rxf5 Qg6 34. Qxb5+ Kd8 35. Rd5+ Bd6 36. Qc6 1-0

[Event "ETCC Women 2013"]
[Site "Warsaw"]
[Date "2013.11.11"]
[Round "4"]
[White "Zaksaite, Salomeja"]
[Black "Kachiani-Gersinska, Ketino"]
[Result "0-1"]
[ECO "C88"]
[WhiteElo "2200"]
[BlackElo "2365"]
[PlyCount "60"]
[EventDate "2013.??.??"]
[EventCountry "POL"]
[WhiteTeam "Litauen"]
[BlackTeam "Deutschland"]
[WhiteTeamCountry "LTU"]
[BlackTeamCountry "GER"]
[TimeControl "40/5400+30:1800+30"]

1. e4 e5 2. Nf3 Nc6 3. Bb5 a6 4. Ba4 Nf6 5. O-O Be7 6. Re1 b5 7. Bb3 O-O 8. h3
Bb7 9. d3 d5 10. exd5 Nxd5 11. Nxe5 Nd4 12. Nc3 Nb4 13. Bf4 Nxb3 14. axb3 f6
15. Ng4 f5 16. Ne3 c5 17. Qd2 Qd7 18. Nf1 Nc6 19. Re3 Bf6 20. Rae1 Nd4 21. Be5
Bxe5 22. Rxe5 f4 23. Ne4 f3 24. g4 Ne2+ 25. Kh1 Qd4 26. Re7 Bxe4 27. dxe4 Qxf2
28. Rxg7+ Kh8 29. Rxh7+ Kxh7 30. Qd7+ Kh8 0-1

[Event "ETCC Women 2013"]
[Site "Warsaw"]
[Date "2013.11.11"]
[Round "4"]
[White "Stojanovic, Andjelija"]
[Black "Javakhishvili, Lela"]
[Result "0-1"]
[ECO "A45"]
[WhiteElo "2293"]
[BlackElo "2423"]
[PlyCount "162"]
[EventDate "2013.??.??"]
[EventCountry "POL"]
[WhiteTeam "Serbien"]
[BlackTeam "Georgien"]
[WhiteTeamCountry "SRB"]
[BlackTeamCountry "GEO"]
[TimeControl "40/5400+30:1800+30"]

1. d4 Nf6 2. Bg5 e6 3. e3 c5 4. c3 cxd4 5. exd4 b6 6. Nd2 Bb7 7. Ngf3 Be7 8. Bxf6 Bxf6 9. Bd3 a6 10. Qe2 Qc7 11. O-O-O Nc6 12. Kb1 b5 13. Ne4 Be7 14. d5 exd5 15. Nc5 Bc8 16. Bc2 Qd6 17. Nb3 Bb7 18. Nbd4 g6 19. Rhe1 Nd8 20. Bb3 Ne6 21. Nc2 O-O 22. Nb4 d4 23.
Nxd4 Qxh2 24. Nd5 Bd8 25. g3 Qh6 26. f4 Nc5 27. Nf3 Nxb3 28.
axb3 Qh3 29. Ne5 d6 30. Ng4 Bxd5 31. Rxd5 Qxg3 32. f5 Bh4 33. Rh1 Rfe8 34. Qd1 Re1 35. Rxe1 Qxe1 36. Qxe1 Bxe1 37. Rxd6 h5 38.
Nf6+ Kg7 39. Nd5 h4 40. fxg6 h3 41. Rd7 h2 42. Rxf7+ Kxg6 43. Rf1 Bg3 44. Ne3 Re8 45. Ng4 Kg5 46. Nxh2 Bxh2 47. b4 Bf4 48. Rd1 Kf5 49. Kc2 Re2+ 50. Kb3 Rh2 51. Re1 Bd2 52. Ra1 Rh6 53. Rd1 Be3 54. Rd7 Bf4 55. Rd1 Ke4 56. Re1+ Kd3 57. Rd1+ Ke2 58. Rd4 Ke3 59. Rd1 Rd6 60. Rh1 Kd2 61. Rf1 Be3 62. Rh1 Rh6 63. Rf1 Ke2 64. Rf7 Kd1 65.
Rf1+ Kd2 66. Rf7 Rd6 67. Re7 Bg5 68. Rg7 Bf6 69. Rg1 Bh4 70. Rg4 Be1 71. Re4 Kd1 72. Re8 Bd2 73. Rh8 Re6 74. Rg8 Be1 75. Rg2 Kc1 76. Rg1 Kb1 77. Rh1 Re2 78. Ka3 Kc2 79. Rh6 Bd2 80. Rxa6 Bc1 81. Ka2 Bxb2 0-1

[Event "ETCC Women 2013"]
[Site "Warsaw"]
[Date "2013.11.11"]
[Round "4"]
[White "Toma, Katarzyna"]
[Black "Nicolas Zapata, Irene"]
[Result "1-0"]
[ECO "B30"]
[WhiteElo "2282"]
[BlackElo "2241"]
[PlyCount "69"]
[EventDate "2013.??.??"]
[EventCountry "POL"]
[WhiteTeam "Polen"]
[BlackTeam "Spanien"]
[WhiteTeamCountry "POL"]
[BlackTeamCountry "ESP"]
[TimeControl "40/5400+30:1800+30"]

1. e4 c5 2. Nf3 Nc6 3. Bb5 Nf6 4. Nc3 Nd4 5. e5 Ng8 6. O-O g6 7. Bc4 Nh6 8.
d3 Bg7 9. Ne4 O-O 10. c3 Nxf3+ 11. Qxf3 Nf5 12. g4 d5 13. gxf5 dxc4 14. f6 exf6 15. exf6 Bh8 16. dxc4 Bf5 17. Nxc5 Qxf6 18. Be3 b6 19. Ne4 Bxe4 20. Qxe4 Rae8 21. Qg2 Qf5 22. Rad1 Re4 23. Rd5 Qe6 24. Kh1 f5 25. Bd4 Bxd4 26. cxd4 Re8 27. Qf3 Qf6 28. Rd1 h5 29. h3 h4 30. Kh2 Re1 31. Rxe1 Rxe1 32. Qf4 Re2 33. Rd7 Re7 34. Qb8+ Kh7 35.
Qd8 1-0